 Dungeon Crawl Stone Soup version 0.24.0-13-gcf9b3192b9 (webtiles) character file.

Game seed: 4780946454563613582, levelgen mode: deterministic

1696 DavidChitty2 the Cudgeler (level 9, 0/55 HPs)
             Began as a Gargoyle Fighter on Nov 9, 2019.
             Was a Believer of Okawaru.
             Slain by an orc warrior
             ... wielding a +0 halberd
              (7 damage)
             ... on level 7 of the Dungeon.
             The game lasted 00:08:17 (5554 turns).

DavidChitty2 the Cudgeler (Gargoyle Fighter)        Turns: 5554, Time: 00:08:18

Health: 0/55       AC: 15    Str: 26    XL:     9   Next: 3%
Magic:  11/11      EV:  8    Int:  9    God:    Okawaru [**....]
Gold:   321        SH: 12    Dex: 13    Spells: 8/8 levels left

rFire    . . .     SeeInvis .   a - +1 flail
rCold    . . .     Gourm    .   c - +1 shield
rNeg     + . .     Faith    .   b - +0 scale mail
rPois    ∞         Spirit   .   u - +0 helmet
rElec    +         Reflect  .   q - scarf {repulsion}
rCorr    .         Harm     .   (no gloves)
MR       .....                  (no boots)
Stlth    ..........             k - amulet of magic regeneration
HPRegen  0.18/turn              s - +4 ring of dexterity
MPRegen  0.37/turn              v - +3 ring of strength

@: very slightly contaminated, invisible, repel missiles
A: negative energy resistance 1, electricity resistance, unbreathing,
petrification resistance, rot immunity, AC +6
a: Heroism, Renounce Religion


You were on level 7 of the Dungeon.
You worshipped Okawaru.
Okawaru was pleased with you.
You were very hungry.

You visited 1 branch of the dungeon, and saw 7 of its levels.

You collected 321 gold pieces.

Inventory:

Hand Weapons
 a - a +1 flail (weapon)
Missiles
 t - a throwing net (quivered) {!f}
Armour
 b - a +0 scale mail (worn)
 c - a +1 shield (worn)
 q - a scarf of repulsion (worn)
   (You found it on level 6 of the Dungeon)
 u - a +0 helmet (worn)
   (You took it off Robin on level 4 of the Dungeon)
Jewellery
 k - an amulet of magic regeneration (around neck)
   (You found it on level 1 of the Dungeon)
 s - a +4 ring of dexterity (left hand)
   (You found it on level 3 of the Dungeon)
 v - a +3 ring of strength (right hand)
   (You found it on level 6 of the Dungeon)
Scrolls
 h - 3 scrolls of remove curse {@r2}
 i - 2 scrolls of teleportation {@r4}
 n - a scroll of identify {@r1}
 r - 2 scrolls of magic mapping
Potions
 d - 3 potions of might
 f - a potion of brilliance
 g - a potion of degeneration {unknown}
 j - a potion of invisibility
 l - a potion of magic {unknown}
 m - 3 potions of mutation {!q}
 o - a potion of agility
 p - 4 potions of curing {@q1}
Comestibles
 e - 15 rations {!d}


   Skills:
 + Level 6.1 Fighting
 * Level 7.0 Maces & Flails
 + Level 6.1 Armour
 + Level 6.1 Shields
 + Level 3.4 Invocations


You had 8 spell levels left.
You didn't know any spells.
Your spell library contained the following spells:

 Spells                   Type           Power        Failure   Level  Hunger
 Sandblast                Erth           #.....       95%         1    ##.....
 Passwall                 Tmut/Erth      #.......     99%         2    ###....
 Stone Arrow              Conj/Erth      #.....       100%        3    ####...
 Petrify                  Tmut/Erth      #.......     100%        4    #####..
 Lee's Rapid Deconstruct  Erth           #.........   100%        5    ######.


Dungeon Overview and Level Annotations

Branches:
Dungeon (7/15)
 Temple: D:4-7

Altars:
Ashenzari
Cheibriados
Elyvilon
Fedhas
Okawaru
Qazlal
Uskayaw
Wu Jian
The Shining One

Annotations:
D:6 exclusion: oklob plant


Innate Abilities, Weirdness & Mutations

You are resistant to torment.
Your stone body is resilient. (AC +6)
You are immune to poison.
You resist negative energy. (rN+)
You are resistant to electric shocks. (rElec)
You can survive without breathing.
You are immune to petrification.
You are immune to rotting.


Message History

The orc wizard hits you but does no damage. x2
You closely miss the orc wizard. The orc wizard casts a spell at you.
You block the puff of frost.
The orc warrior hits you but does no damage.
You closely miss the orc wizard. You block the orc wizard's attack.
The orc wizard hits you but does no damage.
The orc warrior hits you from afar with a +0 halberd!
You miss the orc wizard. You block the orc wizard's attack. x2
You sock the orc wizard!
You kill the orc wizard!
Okawaru accepts your kill.
The orc warrior hits you from afar with a +0 halberd.
You block the orc warrior's attack.
Things that are here:
a +0 dagger; a +0 robe You closely miss the orc warrior.
You block the orc warrior's attack.
You barely miss the orc warrior. You block the orc warrior's attack.
You closely miss the orc warrior. The orc warrior barely misses you.
You hit the orc warrior.
The orc warrior hits you with a +0 halberd!
You closely miss the orc warrior. You block the orc warrior's attack.
Your shield and scale mail prevent you from hitting the orc warrior.
The orc warrior hits you but does no damage.
You hit the orc warrior but do no damage.
The orc warrior barely misses you.
You closely miss the orc warrior. The orc warrior barely misses you.
You closely miss the orc warrior. The orc warrior barely misses you.
You barely miss the orc warrior. The orc warrior barely misses you.
You closely miss the orc warrior. You closely miss the orc warrior.
The orc warrior closely misses you.
You barely miss the orc warrior. You block the orc warrior's attack.
Your shield and scale mail prevent you from hitting the orc warrior.
You are feeling very hungry.
The orc warrior hits you but does no damage.
You hit the orc warrior but do no damage.
The orc warrior hits you with a +0 halberd!
* * * LOW HITPOINT WARNING * * *
You closely miss the orc warrior.
The orc warrior hits you with a +0 halberd!
* * * LOW HITPOINT WARNING * * *
You fade into invisibility!
The orc warrior hits you with a +0 halberd.
* * * LOW HITPOINT WARNING * * *
You are very lightly contaminated with residual magic.
You barely miss the orc warrior. You block the orc warrior's attack.
You catch the helpless orc warrior completely off-guard!
You hit the orc warrior.
The orc warrior hits you with a +0 halberd!
You die...

... #'# #.# #.# . ...
.. #o# ....####o# ....
...#@# ....###.#.#
.......).# .
#.....#.#####+ ..
#..............
#......##......#.......
#..........[...#.......
#..>....#.....###......
#...... #....## #.....


You could see an orc warrior and an orc.

Vanquished Creatures
  Menkaure (D:4)
  An ice beast (D:6)
  A phantom (D:7)
  An ogre (D:7)
  A centaur (D:7)
  3 bullfrogs (D:6)
  2 scorpions
  3 crimson imps
  2 bullfrog zombies
  3 jellies
  2 hounds
  An orc priest (D:4)
  A bullfrog skeleton (D:5)
  A centaur skeleton (D:5)
  4 iguanas
  Natasha (thrice) (D:3)
  4 orc wizards
  3 worker ants
  A hound skeleton (D:4)
  Robin (D:4)
  3 adders
  2 shadow imps
  3 oozes
  3 adder skeletons
  2 worms (D:2)
  2 dart slugs (D:2)
  2 leopard geckos
  9 orcs
  A ball python (D:3)
  2 bats
  6 giant cockroaches
  16 goblins
  6 hobgoblins
  6 jackals
  5 quokkas
  4 frilled lizards
  A jackal skeleton (D:6)
  6 kobolds
  3 rats
121 creatures vanquished.

Vanquished Creatures (others)
  24 toadstools (D:6)
24 creatures vanquished.

Grand Total: 145 creatures vanquished

Notes
Turn   | Place    | Note
-------+----------+-------------------------------------------
     0 | D:1      | DavidChitty2 the Gargoyle Fighter began the quest for the
                  | Orb.
     0 | D:1      | Reached XP level 1. HP: 14/14 MP: 1/1
   212 | D:1      | Reached XP level 2. HP: 18/19 MP: 2/2
   345 | D:1      | Reached XP level 3. HP: 23/23 MP: 3/3
   997 | D:2      | Reached skill level 3 in Maces & Flails
   997 | D:2      | Reached XP level 4. HP: 26/29 MP: 4/4
  1627 | D:3      | Noticed Natasha
  1638 | D:3      | Killed Natasha
  1638 | D:3      | Reached XP level 5. HP: 29/33 MP: 5/5
  1759 | D:3      | Noticed Natasha
  1771 | D:3      | Killed Natasha
  1900 | D:3      | Noticed Natasha
  1907 | D:3      | Killed Natasha
  2017 | D:4      | Reached skill level 4 in Maces & Flails
  2032 | D:4      | Reached XP level 6. HP: 36/39 MP: 6/6
  2094 | D:4      | Noticed Menkaure
  2106 | D:4      | Killed Menkaure
  2381 | D:4      | Reached XP level 7. HP: 13/44 MP: 7/7
  2652 | D:4      | Noticed Robin
  2671 | D:4      | Killed Robin
  2671 | D:4      | Reached skill level 5 in Maces & Flails
  3055 | D:4      | Found an iron altar of Okawaru.
  3058 | D:4      | Became a worshipper of Warmaster Okawaru
  3187 | D:5      | Entered Level 5 of the Dungeon
  3193 | D:5      | Reached skill level 5 in Fighting
  3223 | D:5      | Reached skill level 5 in Armour
  3223 | D:5      | Reached skill level 5 in Shields
  3307 | D:5      | Reached skill level 1 in Invocations
  3662 | D:5      | Found a stormy altar of Qazlal.
  3860 | D:5      | Reached * piety under Okawaru
  3860 | D:5      | Reached XP level 8. HP: 41/49 MP: 9/9
  4143 | D:6      | Found a hide-covered altar of Uskayaw.
  4143 | D:6      | Noticed a +0 hand axe
  4143 | D:6      | Noticed a +0 dagger
  4213 | D:6      | Reached skill level 6 in Maces & Flails
  4312 | D:6      | Found a shattered altar of Ashenzari.
  4313 | D:6      | Found a white marble altar of Elyvilon.
  5002 | D:6      | Found an ornate altar of the Wu Jian Council.
  5002 | D:6      | Found a snail-covered altar of Cheibriados.
  5106 | D:6      | Found a blossoming altar of Fedhas.
  5116 | D:6      | Noticed an oklob plant
  5228 | D:7      | Reached ** piety under Okawaru
  5390 | D:7      | Reached skill level 7 in Maces & Flails
  5390 | D:7      | Reached XP level 9. HP: 40/55 MP: 11/11
  5517 | D:7      | Found a glowing golden altar of the Shining One.
  5554 | D:7      | Slain by an orc warrior

Levels and vault maps discovered:
D:1:      grunt_arrival_lava_bath, layout_basic
D:2:      layout_basic, first_ration, lemuel_old_faithful
D:3:      layout_rooms, uniq_natasha
D:4:      layout_loops_cross, kennysheep_mini_moat, minmay_misc_feat_pillars,
          uniq_menkaure, uniq_robin
D:5:      layout_loops_ring, basic_altar
D:6:      layout_loops_ring, dancing_weapons_uskayaw,
          gammafunk_temple_overflow_elements, tgw_fedhas,
          gammafunk_temple_overflow_pools
D:7:      layout_basic, temple_green, grunt_ogre_cave, tso_metal_star

Skill      XL: |  1  2  3  4  5  6  7  8 |
---------------+-------------------------+-----
Maces & Flails | 3 4 5 7 |  7.0
Fighting       | 4 5 6 |  6.1
Armour         | 4 5 6 |  6.1
Shields        | 4 5 6 |  6.1
Invocations    | 1 3 |  3.4

Action                   |  1- 3 |  4- 6 |  7- 9 || total
-------------------------+-------+-------+-------++-------
Melee: Flail             |   143 |   155 |   318 ||   616
  Use: Scroll            |       |    10 |     6 ||    16
       Potion            |       |       |     1 ||     1
 Stab: Invisible         |       |       |     1 ||     1
  Eat: Chunk             |     1 |     4 |    10 ||    15
Armor: Scale mail        |    97 |    87 |   138 ||   322
Dodge: Dodged            |    69 |    29 |    72 ||   170
       Deflected         |       |       |     1 ||     1
Block: Shield            |   100 |    58 |   191 ||   349
